 Dungeon Crawl Stone Soup version 0.21.1-1-g345015fe64 (webtiles) character file.

175812 Oravi the Spry (level 18, -3/155 HPs)
             Began as a Merfolk Transmuter on May 17, 2018.
             Was a High Priest of Okawaru.
             Shot with a bolt by a naga sharpshooter (18 damage)
             ... led by Vashnia
             ... on level 4 of the Snake Pit on May 18, 2018.
             The game lasted 03:36:04 (42329 turns).

Oravi the Spry (Merfolk Transmuter)                Turns: 42329, Time: 03:36:05

Health: -3/155     AC: 11    Str: 18    XL:     18   Next: 11%
Magic:  22/32      EV: 29    Int: 20    God:    Okawaru [*****.]
Gold:   2948       SH:  0    Dex: 14    Spells: 13/37 levels left

rFire    + . .     SeeInvis .   c - +1 halberd of Defence by Offence {drain, Str+4}
rCold    . . .     Gourm    .   (shield currently unavailable)
rNeg     + . .     Faith    .   Z - +2 robe {rN+}
rPois    +         Spirit   .   o - +2 hat {MR+}
rElec    +         Reflect  .   R - +0 cloak
rCorr    .         Harm     .   Y - +2 pair of gloves {Str+3}
MR       +++..                  x - +0 pair of boots
Stlth    +.........             j - amulet of regeneration
HPRegen  0.75/turn              w - +3 ring of evasion
MPRegen  0.23/turn              G - ring of poison resistance

@: lethally poisoned (-3 -> -3)
A: change form in water, swift swim, stealthy swim, claws 2, blurry vision 1,
fire resistance 1, magic resistance 1, electricity resistance, evolution 1
a: Heroism, Finesse, Renounce Religion


You were on level 4 of the Snake Pit.
You worshipped Okawaru.
Okawaru was extremely pleased with you.
You were hungry.

You visited 6 branches of the dungeon, and saw 32 of its levels.
You also visited: Sewer and Ossuary.

You collected 3438 gold pieces.
You spent 490 gold pieces at shops.

Inventory:

Hand Weapons
 c - the +1 halberd of Defence by Offence (weapon) {drain, Str+4}
   (Okawaru gifted it to you on level 1 of the Swamp)

   A truly terrible weapon, it drains the life of those it strikes.
   It affects your strength (+4).
 y - a +1 glaive of freezing
 B - a +0 bardiche of venom
 F - a +3 trident of protection
Missiles
 a - 613 arrows
Armour
 o - a +2 hat of magic resistance (worn)
 x - a +0 pair of boots (worn)
 A - a +3 leather armour
 L - a +0 buckler
 O - the +1 robe of Tyheps {rF++ rC+}
   (You found it on level 12 of the Dungeon)

   It greatly protects you from fire.
   It protects you from cold.
 R - a +0 cloak (worn)
 Y - a +2 pair of gloves of strength (worn)
 Z - a +2 robe of positive energy (worn)
Jewellery
 b - a +3 ring of dexterity
 j - an amulet of regeneration (around neck)
 p - an uncursed amulet of magic regeneration
 v - an uncursed ring of positive energy
 w - a +3 ring of evasion (left hand)
 E - an uncursed ring of protection from magic
 G - a ring of poison resistance (right hand)
 H - a cursed -2 ring of dexterity
 N - an uncursed amulet of rage
 U - a +5 ring of intelligence
 W - an uncursed ring of protection from cold
Wands
 l - a wand of flame (75)
 m - a wand of scattershot (12)
 q - a wand of iceblast (28)
 r - a wand of enslavement (8)
 C - a wand of clouds (19)
 X - a wand of disintegration (17)
Scrolls
 f - 6 scrolls of teleportation
 g - 20 scrolls of remove curse
 i - 6 scrolls of magic mapping
 k - 2 scrolls of blinking
 D - 3 scrolls of fog
 Q - 4 scrolls of identify
Potions
 e - 3 potions of agility
 h - 3 potions of brilliance
 n - a potion of magic
 s - 7 potions of haste
 t - a potion of mutation
 u - 7 potions of flight
 z - a potion of ambrosia
 I - 2 potions of invisibility
 J - 6 potions of curing
 M - 9 potions of might
 T - a potion of cancellation
Comestibles
 d - 44 rations
 K - 2 chunks of flesh


   Skills:
 + Level 17.2 Fighting
 + Level 16.8 Polearms
 + Level 20.0 Dodging
 - Level 4.0 Shields
 - Level 10.0 Unarmed Combat
 + Level 10.1 Spellcasting
 - Level 5.0 Hexes
 - Level 5.0 Charms
 - Level 11.6 Transmutations
 - Level 5.0 Earth Magic


You had 13 spell levels left.
You knew the following spells:

 Your Spells              Type           Power        Failure   Level  Hunger
a - Spider Form           Tmut/Pois      ####......   1%          3    None
b - Sticks to Snakes      Tmut           ######..     1%          2    None
c - Ice Form              Ice/Tmut       ####....     6%          4    ##.....
d - Blade Hands           Tmut           ######....   1%          5    ####...
e - Petrify               Tmut/Erth      #####...     2%          4    ##.....
g - Regeneration          Chrm/Necr      ###.......   8%          3    None
k - Spectral Weapon       Hex/Chrm       ####....     2%          3    None


Dungeon Overview and Level Annotations

Branches:
Dungeon (15/15)            Temple (1/1) D:5            Lair (6/6) D:8
  Swamp (4/4) Lair:3        Snake (4/4) Lair:3        Slime (0/5) Lair:6
    Orc (2/2) D:9             Elf (0/3) Orc:2        Vaults (0/5) D:13
 Depths (0/5) D:15

Altars:
Ashenzari
Cheibriados
Dithmenos
Elyvilon
Fedhas
Gozag
Hepliaklqana
Kikubaaqudgha
Makhleb
Nemelex Xobeh
Okawaru
Qazlal
Ru
Sif Muna
Trog
Uskayaw
Vehumet
Wu Jian
Xom
Yredelemnul
Zin
The Shining One
Beogh

Shops:
D:7 :   Orc:2 [(?%   Snake:1 (   Snake:2 =}}

Annotations:
Lair:4 exclusion: 3 oklob plants
Swamp:4 Lernaean hydra
Snake:4 Vashnia


Innate Abilities, Weirdness & Mutations

You revert to your normal form in water.
You are very nimble and swift while swimming.
You are very stealthy in the water. (Stealth+)
You have very sharp fingernails.
Scrolls take you a little longer to read.
Your flesh is heat resistant. (rF+)
You are resistant to hostile enchantments. (MR+)
You are resistant to electric shocks. (rElec)
You evolve.


Message History

The naga sharpshooter magically shoots a bolt.
The bolt completely misses you.
There is an escape hatch in the ceiling, spattered with blood here.
You see here 5 bolts.
You feel sick.
The guardian serpent coils itself and waves its upper body at you.
The bolt of poison hits you! You resist.
* * * LOW HITPOINT WARNING * * *
The naga sharpshooter casts a spell.
The naga sharpshooter magically shoots a bolt.
The bolt hits you!
* * * LOW HITPOINT WARNING * * *
The naga sharpshooter gestures wildly while chanting.
The naga sharpshooter magically shoots a bolt.
The bolt hits you!
* * * LOW HITPOINT WARNING * * *
The naga sharpshooter gestures wildly while chanting.
The naga sharpshooter magically shoots a bolt.
The bolt hits you!!
You die...

+.....#..,,,,,,,#....#
#.....#..,*+****#....##
,,,,,*+,,**,,,* #.....#
,,,,,*,,,*,,,***#.....##
,,,,,*,,,**,,*,,#......#
,,,,,**,,,****,,#.....##
,,,,,,*,,,,,,,,##....##
,,,,,,*,,,,,,,,#...(.#
,,,,,,*,,,,,,,,#@((..#*
,,,,,**,,,,,,,,#......#
,,,,,*,,,,,,,,,#......#
,,,,,*,,,,,,,,,#......#
*,,,,*+,,,,,,,,#NS..###
**,,,,*********#N...#
,**,,,,,,,,,,,,.N...#*
,,**,,,,,,,,,,..NNN..**
,,,*,,,,,,,,,,,,,,,,,,*


You could see Vashnia, 4 naga sharpshooters, a guardian serpent, a naga and a
friendly spectral halberd of Defence by Offence {drain, Str+4}.

Vanquished Creatures
  Saint Roka (Orc:2)
  Nikola (Swamp:3)
  Jorgrun (Swamp:4)
  3 thorn hunters
  A nagaraja (Snake:2)
  A dire elephant (D:15)
  A catoblepas (D:13)
  The ghost of Gobser the Carver, a journeyman DsBe of Trog (Lair:1)
  A ghost crab (Swamp:4)
  15 hydras
  6 anacondas
  3 vault guards
  8 naga warriors
  4 ogre magi (Orc:2)
  8 alligators
  21 two-headed ogres
  A centaur warrior (D:15)
  2 tengu warriors
  6 naga sharpshooters
  3 shock serpents
  A salamander mystic (Snake:4)
  2 unseen horrors (D:13)
  2 spriggan druids (Swamp:4)
  11 swamp dragons
  3 wizards
  3 naga ritualists
  A wolf spider zombie (D:15)
  An orc knight (Orc:1)
  6 shambling mangroves
  12 mana vipers
  3 necromancers (D:13)
  12 ugly things
  A manticore (D:15)
  7 salamanders
  An oklob plant (Lair:4)
  14 slime creatures
  2 wolf spiders (D:15)
  A moth of wrath (shapeshifter) (D:14)
  2 cyclopes
  A centaur zombie (D:11)
  11 naga magi
  3 elephants (Lair:4)
  23 black mambas
  A torpor snail (Lair:4)
  5 guardian serpents
  A gargoyle (D:15)
  19 spiny frogs
  2 redback zombies
  2 rime drakes
  5 komodo dragons
  17 hornets
  5 trolls
  3 tyrant leeches
  4 polar bears
  The ghost of Schimscham the Chiller, an amateur BaIE (D:5)
  10 hippogriffs
  6 blink frogs
  4 dream sheep
  16 bog bodies
  6 wyverns
  3 shadows
  A vampire (D:9)
  A wraith (D:14)
  19 spriggans
  30 yaks
  16 humans
  6 wargs
  17 vampire mosquitoes
  3 hungry ghosts
  14 swamp worms
  A naga (shapeshifter) (D:15)
  12 insubstantial wisps
  27 nagas
  An acid dragon (D:14)
  10 porcupines
  5 water moccasins
  4 ice beasts
  12 swamp drakes
  5 black bears
  26 orc warriors
  6 phantoms
  32 ogres
  26 wolves
  4 boggarts (Lair:6)
  19 centaurs
  7 crocodiles
  Blork the orc (D:4)
  2 big kobolds (D:11)
  19 bullfrogs
  2 wyvern skeletons (D:8)
  6 scorpions
  A water moccasin skeleton (D:8)
  An electric eel (Lair:1)
  4 howler monkeys
  11 crimson imps
  A quasit (D:10)
  2 bullfrog zombies
  3 hounds
  3 jellies (Lair:6)
  A bullfrog skeleton (D:12)
  4 centaur skeletons
  11 orc priests
  Ijyb (D:4)
  4 iguanas
  13 orc wizards
  7 worker ants
  A big kobold zombie (Ossuary)
  A hound skeleton (D:7)
  8 mummies (Ossuary)
  2 worker ant zombies
  8 adders
  5 shadow imps
  12 oozes
  2 adder skeletons (D:5)
  4 worms
  11 leopard geckos
  79 orcs
  11 giant cockroaches
  2 gnoll zombies (Ossuary)
  10 goblins
  6 hobgoblins
  19 jackals
  3 kobolds (D:2)
  7 quokkas
  6 ball pythons
  5 bats
  18 frilled lizards
  2 hobgoblin zombies (Ossuary)
  A jackal zombie (D:4)
  3 kobold zombies (Ossuary)
  2 leopard gecko skeletons
  A quokka skeleton (D:9)
  A quokka zombie (D:6)
  13 rats
  A briar patch (Swamp:1)
  A plant (Lair:1)
  A spectral weapon (Swamp:1)
968 creatures vanquished.

Vanquished Creatures (collateral kills)
  6 hydras
  2 spiny frogs
  A polar bear (Lair:6)
  A hornet (Swamp:1)
  2 dream sheep (Lair:5)
  A slime creature (Swamp:3)
  A spriggan (Swamp:1)
  A wyvern (Lair:5)
  2 basilisks
  A swamp worm (Swamp:1)
  2 insubstantial wisps (Swamp:3)
  A phantom (D:11)
  A wolf (Lair:6)
  A big kobold (D:11)
  A butterfly (Lair:2)
  A fungus (Lair:5)
25 creatures vanquished.

Vanquished Creatures (others)
  4 briar patches
  16 fungi
  4 plants
  27 spectral weapons
51 creatures vanquished.

Grand Total: 1044 creatures vanquished

Notes
Turn   | Place    | Note
-------+----------+-------------------------------------------
     0 | D:1      | Oravi the Merfolk Transmuter began the quest for the Orb.
     0 | D:1      | Reached XP level 1. HP: 15/15 MP: 3/3
   501 | D:1      | Reached XP level 2. HP: 20/21 MP: 3/5
   830 | D:1      | Reached XP level 3. HP: 26/26 MP: 4/6
   834 | D:1      | Learned a level 2 spell: Sticks to Snakes
   838 | D:1      | Learned a level 3 spell: Spider Form
  1535 | D:2      | Reached skill level 5 in Transmutations
  1631 | D:2      | Reached XP level 4. HP: 32/32 MP: 3/7
  2242 | D:3      | Noticed an ogre
  2257 | D:3      | Killed an ogre
  2257 | D:3      | Reached XP level 5. HP: 19/37 MP: 1/8
  2348 | D:3      | Found a glowing drain.
  2367 | Sewer    | Entered a sewer
  2469 | Sewer    | Reached skill level 5 in Unarmed Combat
  2469 | Sewer    | Reached XP level 6. HP: 43/43 MP: 1/9
  3052 | D:3      | Found a blossoming altar of Fedhas.
  3052 | D:3      | Found an ancient bone altar of Kikubaaqudgha.
  3277 | D:4      | Found a sand-covered staircase.
  3296 | D:4      | Noticed Blork the orc
  3299 | Ossuary  | Entered an ossuary
  3356 | Ossuary  | Gained mutation: Scrolls take you a little longer to read. [potion of mutation]
  3356 | Ossuary  | Gained mutation: You have a pair of small horns on your head. [potion of mutation]
  3370 | Ossuary  | Reached XP level 7. HP: 47/48 MP: 2/10
  3798 | D:4      | Killed Blork the orc
  4729 | D:4      | Noticed Ijyb
  4767 | D:4      | Killed Ijyb
  5236 | D:4      | Reached XP level 8. HP: 42/54 MP: 8/11
  5418 | D:5      | Entered Level 5 of the Dungeon
  5459 | D:5      | Noticed Schimscham's ghost (amateur BaIE)
  5475 | D:5      | Killed Schimscham's ghost
  5719 | D:5      | Reached skill level 10 in Unarmed Combat
  5765 | D:5      | Found a shimmering altar of Xom.
  5857 | D:5      | Found a staircase to the Ecumenical Temple.
  5872 | Temple   | Entered the Ecumenical Temple
  5882 | Temple   | Became a worshipper of Warmaster Okawaru
  5961 | D:5      | Reached skill level 3 in Dodging
  6316 | D:5      | Reached skill level 4 in Dodging
  6486 | D:5      | Found a burning altar of Makhleb.
  6659 | D:5      | Found a basalt altar of Yredelemnul.
  7081 | D:6      | Reached skill level 5 in Dodging
  7126 | D:6      | Reached XP level 9. HP: 43/65 MP: 7/12
  7322 | D:6      | Reached * piety under Okawaru
  7372 | D:6      | Reached skill level 6 in Dodging
  7626 | D:6      | Lost mutation: You have a pair of small horns on your head. [potion of mutation]
  7626 | D:6      | Lost mutation: Scrolls take you a little longer to read. [potion of mutation]
  7626 | D:6      | Gained mutation: Armour fits poorly on your strangely shaped body. [potion of mutation]
  7626 | D:6      | Gained mutation: You are resistant to hostile enchantments. (MR+) [potion of mutation]
  7660 | D:6      | Reached skill level 5 in Fighting
  7861 | D:7      | Reached skill level 7 in Dodging
  8078 | D:7      | Found Fear's Book Emporium.
  8391 | D:7      | Found an opulent altar of Gozag.
  8531 | D:8      | Reached ** piety under Okawaru
  8531 | D:8      | Reached skill level 8 in Dodging
  8660 | D:8      | Found a shadowy altar of Dithmenos.
  8660 | D:8      | Found a hide-covered altar of Uskayaw.
  8794 | D:8      | Reached skill level 9 in Dodging
  9090 | D:8      | Reached XP level 10. HP: 72/79 MP: 7/13
  9330 | D:8      | Found a staircase to the Lair.
  9437 | D:8      | Reached *** piety under Okawaru
  9667 | D:9      | Reached skill level 10 in Dodging
  9812 | D:9      | Noticed a two-headed ogre
  9819 | D:9      | Killed a two-headed ogre
  9871 | D:9      | Noticed a two-headed ogre
  9880 | D:9      | Killed a two-headed ogre
  9930 | D:9      | Found a roughly hewn altar of Beogh.
 10360 | D:9      | Reached **** piety under Okawaru
 10445 | D:9      | Found a staircase to the Orcish Mines.
 10478 | D:9      | Learned a level 4 spell: Ice Form
 10484 | D:9      | Learned a level 5 spell: Blade Hands
 10530 | D:10     | Entered Level 10 of the Dungeon
 10568 | D:10     | Reached XP level 11. HP: 79/89 MP: 13/17
 10750 | D:10     | Noticed a two-headed ogre
 10761 | D:10     | Killed a two-headed ogre
 10761 | D:10     | Reached skill level 10 in Transmutations
 10892 | D:10     | Reached ***** piety under Okawaru
 11046 | D:10     | Reached skill level 11 in Dodging
 11981 | D:11     | Noticed a brown ugly thing
 11987 | D:11     | Killed a brown ugly thing
 12010 | D:11     | You fall through a shaft for 3 floors!
 12095 | D:13     | Noticed a two-headed ogre
 12118 | D:13     | Killed a two-headed ogre
 12118 | D:13     | Received a gift from Okawaru
 12118 | D:13     | Reached skill level 5 in Spellcasting
 12206 | D:13     | Killed an unseen horror
 12206 | D:13     | Reached skill level 10 in Fighting
 12399 | D:13     | Noticed a tengu warrior
 12404 | D:13     | Killed a tengu warrior
 12404 | D:13     | Reached skill level 12 in Dodging
 12428 | D:12     | Reached XP level 12. HP: 74/97 MP: 16/20
 12480 | D:12     | Paralysed by a hornet for 2 turns
 12916 | D:11     | Noticed a four-headed hydra
 12925 | D:11     | Killed a four-headed hydra
 13209 | D:11     | Reached skill level 13 in Dodging
 13240 | D:11     | Noticed a three-headed hydra
 13250 | D:11     | Killed a three-headed hydra
 13250 | D:11     | Reached ****** piety under Okawaru
 13250 | D:11     | Received a gift from Okawaru
 13394 | D:11     | Found a sacrificial altar of Ru.
 14071 | D:12     | Got a dull robe
 14072 | D:12     | Identified the +1 robe of Tyheps {rF++ rC+} (You found it on level 12 of the Dungeon)
 14103 | D:13     | Noticed a vault guard
 14103 | D:13     | Noticed a vault guard
 14117 | D:12     | Killed a vault guard
 14120 | D:12     | Killed a vault guard
 14210 | D:13     | Reached skill level 14 in Dodging
 14231 | D:13     | Received a gift from Okawaru
 14270 | D:13     | Noticed a catoblepas
 14291 | D:13     | Noticed a vault guard
 15200 | D:13     | Killed a catoblepas
 15200 | D:13     | Reached XP level 13. HP: 103/109 MP: 13/22
 15281 | D:13     | Found a gate to the Vaults.
 15348 | D:13     | Reached skill level 15 in Dodging
 15361 | D:13     | Killed a vault guard
 15650 | D:13     | Received a gift from Okawaru
 16377 | Lair:1   | Entered Level 1 of the Lair of Beasts
 16396 | Lair:1   | Noticed Gobser's ghost (journeyman DsBe)
 16417 | Lair:1   | Killed Gobser's ghost
 17336 | Lair:2   | Reached skill level 16 in Dodging
 18392 | Lair:3   | Found a staircase to the Snake Pit.
 18443 | Lair:3   | Found a staircase to the Swamp.
 19051 | Lair:3   | Received a gift from Okawaru
 19495 | Lair:4   | Reached skill level 17 in Dodging
 19503 | Lair:4   | Reached XP level 14. HP: 121/121 MP: 23/23
 19951 | Lair:4   | Received a gift from Okawaru
 20293 | Lair:5   | Reached skill level 15 in Fighting
 20945 | Lair:6   | Entered Level 6 of the Lair of Beasts
 20988 | Lair:6   | Found a staircase to the Slime Pits.
 21382 | Lair:6   | Reached skill level 18 in Dodging
 21897 | Lair:6   | Received a gift from Okawaru
 23007 | D:14     | Identified the Catalogue of Ghastly Curses
 23202 | D:14     | Found a shadowy altar of Dithmenos.
 23547 | D:15     | Entered Level 15 of the Dungeon
 23680 | D:15     | Reached skill level 19 in Dodging
 23733 | D:15     | Reached XP level 15. HP: 88/132 MP: 24/24
 24694 | D:15     | Got a bloodstained leather armour
 24695 | D:15     | Identified the +0 leather armour "Besiun" {rCorr} (You found it on level 15 of the Dungeon)
 24875 | D:15     | Found a staircase to the Depths.
 24879 | D:15     | Received a gift from Okawaru
 26033 | D:15     | Found a blossoming altar of Fedhas.
 26112 | D:15     | Got a shimmering ring mail {god gift}
 26113 | D:15     | Identified the +4 ring mail of the Shrike {rF+ Str+3} (Okawaru gifted it to you on level 15 of the Dungeon)
 26386 | Orc:1    | Entered Level 1 of the Orcish Mines
 26622 | Orc:2    | Entered Level 2 of the Orcish Mines
 26638 | Orc:2    | Reached skill level 1 in Polearms
 26886 | Orc:2    | Noticed Saint Roka
 27343 | Orc:2    | Killed Saint Roka
 27930 | D:7      | Bought a book of Geomancy for 490 gold pieces
 27935 | D:7      | Learned a level 4 spell: Petrify
 28185 | Orc:2    | Reached skill level 10 in Polearms
 28203 | Orc:2    | Received a gift from Okawaru
 28667 | D:13     | Learned a level 3 spell: Spectral Weapon
 28671 | D:13     | Learned a level 3 spell: Regeneration
 29133 | Orc:2    | Found a staircase to the Elven Halls.
 29175 | Orc:2    | Found Zatimaz's Antique Armour Shop.
 29175 | Orc:2    | Found Jehaxkeu's Magic Scroll Shoppe.
 29176 | Orc:2    | Found Tyziogee's Antique Weapon Shoppe.
 29176 | Orc:2    | Found Gomowk's Food Boutique.
 29986 | Swamp:1  | Entered Level 1 of the Swamp
 30003 | Swamp:1  | Noticed a thorn hunter
 30022 | Swamp:1  | Killed a thorn hunter
 30022 | Swamp:1  | Received a gift from Okawaru
 30023 | Swamp:1  | Got a bloodstained halberd {god gift}
 30104 | Swamp:1  | Reached XP level 16. HP: 139/139 MP: 22/25
 30109 | Swamp:1  | Paralysed by a hornet for 3 turns
 30112 | Swamp:1  | Reached skill level 1 in Charms
 30230 | Swamp:1  | Reached skill level 1 in Hexes
 31169 | Swamp:2  | Noticed a thorn hunter
 31175 | Swamp:2  | Paralysed by a hornet for 1 turns
 31714 | Swamp:2  | Paralysed by the power of Zot for 2 turns
 31719 | Swamp:2  | Killed a thorn hunter
 32453 | Swamp:2  | Noticed a thorn hunter
 32463 | Swamp:2  | Killed a thorn hunter
 32556 | Swamp:2  | Received a gift from Okawaru
 33266 | Swamp:3  | Received a gift from Okawaru
 33275 | Swamp:3  | Identified the +1 halberd of Defence by Offence {drain, Str+4} (Okawaru gifted it to you on level 1 of the Swamp)
 33474 | Swamp:3  | Noticed Nikola
 33489 | Swamp:3  | Killed Nikola
 33547 | Swamp:3  | Reached skill level 5 in Charms
 33547 | Swamp:3  | Reached skill level 1 in Earth Magic
 34077 | Swamp:4  | Entered Level 4 of the Swamp
 34291 | Swamp:3  | Reached skill level 5 in Hexes
 34622 | Swamp:4  | Reached skill level 15 in Polearms
 34782 | Swamp:4  | Received a gift from Okawaru
 34952 | Swamp:4  | Reached XP level 17. HP: 146/146 MP: 26/29
 35227 | Swamp:4  | Noticed Jorgrun
 35550 | Swamp:4  | Killed Jorgrun
 36194 | Swamp:4  | Noticed the 27-headed Lernaean hydra
 37219 | Snake:1  | Entered Level 1 of the Snake Pit
 37219 | Snake:1  | Found Viamnegu's Weapon Emporium.
 37657 | Snake:1  | Reached skill level 5 in Earth Magic
 38326 | Snake:2  | Found Baupruydd's Jewellery Emporium.
 38326 | Snake:2  | Found Hyeczalim's Gadget Boutique.
 38327 | Snake:2  | Found Xoorump's Gadget Boutique.
 38413 | Snake:2  | Reached skill level 1 in Shields
 38973 | Snake:2  | Received a gift from Okawaru
 41069 | Snake:3  | Lost mutation: Armour fits poorly on your strangely shaped body. [potion of mutation]
 41069 | Snake:3  | Lost mutation: You are resistant to hostile enchantments. (MR+) [potion of mutation]
 41069 | Snake:3  | Gained mutation: Your magical capacity is low. (-10% MP) [potion of mutation]
 41069 | Snake:3  | Gained mutation: You are agile. (Dex +2) [potion of mutation]
 41069 | Snake:3  | Gained mutation: Your spells are a little easier to cast, but a little less powerful. [potion of mutation]
 41069 | Snake:3  | Gained mutation: You evolve. [potion of mutation]
 41348 | D:13     | Lost mutation: You are agile. (Dex +2) [potion of mutation]
 41348 | D:13     | Lost mutation: Your magical capacity is low. (-10% MP) [potion of mutation]
 41348 | D:13     | Gained mutation: You are clumsy. (Dex -2) [potion of mutation]
 41348 | D:13     | Gained mutation: Your muscles are strong. (Str +2) [potion of mutation]
 41348 | D:13     | Gained mutation: Your mind is acute. (Int +2) [potion of mutation]
 41349 | D:13     | Lost mutation: You are clumsy. (Dex -2) [potion of mutation]
 41349 | D:13     | Lost mutation: Your mind is acute. (Int +2) [potion of mutation]
 41349 | D:13     | Lost mutation: Your muscles are strong. (Str +2) [potion of mutation]
 41349 | D:13     | Gained mutation: You are dopey. (Int -2) [potion of mutation]
 41349 | D:13     | Gained mutation: You are weak. (Str -2) [potion of mutation]
 41349 | D:13     | Gained mutation: You have a pair of small horns on your head. [potion of mutation]
 41350 | D:13     | Lost mutation: Your spells are a little easier to cast, but a little less powerful. [potion of mutation]
 41350 | D:13     | Lost mutation: You are dopey. (Int -2) [potion of mutation]
 41350 | D:13     | Lost mutation: You have a pair of small horns on your head. [potion of mutation]
 41350 | D:13     | Lost mutation: You are weak. (Str -2) [potion of mutation]
 41350 | D:13     | Gained mutation: Your flesh is heat resistant. (rF+) [potion of mutation]
 41350 | D:13     | Gained mutation: Your body sometimes deteriorates upon taking damage. [potion of mutation]
 41350 | D:13     | Gained mutation: Scrolls take you a little longer to read. [potion of mutation]
 41350 | D:13     | Gained mutation: You have a pair of small horns on your head. [potion of mutation]
 41351 | D:13     | Lost mutation: You have a pair of small horns on your head. [potion of mutation]
 41351 | D:13     | Lost mutation: Your body sometimes deteriorates upon taking damage. [potion of mutation]
 41351 | D:13     | Gained mutation: You are resistant to electric shocks. (rElec) [potion of mutation]
 41351 | D:13     | Gained mutation: You have sharp fingernails. [potion of mutation]
 41351 | D:13     | Gained mutation: You are resistant to hostile enchantments. (MR+) [potion of mutation]
 41609 | Snake:4  | Entered Level 4 of the Snake Pit
 41880 | Snake:4  | Reached XP level 18. HP: 147/154 MP: 27/31
 41908 | Snake:4  | Reached skill level 10 in Spellcasting
 42127 | Snake:4  | Gained mutation: You have very sharp fingernails. [evolution]
 42231 | Snake:4  | Reached skill level 20 in Dodging
 42326 | Snake:4  | Noticed Vashnia
 42329 | Snake:4  | Shot with a bolt by a naga sharpshooter

Skill      XL: |  1  2  3  4  5  6  7  8  9 10 11 12 13 14 15 16 17 18 |
---------------+-------------------------------------------------------+-----
Transmutations | 3 4 5 6 9 11 | 11.6
Unarmed Combat | 4 5 6 9 10 | 10.0
Fighting       | 4 7 9 10 12 14 16 17 | 17.2
Dodging        | 5 9 10 12 14 17 19 20 | 20.0
Spellcasting   | 4 5 6 8 9 10 | 10.1
Polearms       | 13 15 16 | 16.8
Charms         | 5 |  5.0
Hexes          | 5 |  5.0
Earth Magic    | 3 5 |  5.0
Shields        | 3 4 |  4.0

Action                   |  1- 3 |  4- 6 |  7- 9 | 10-12 | 13-15 | 16-18 || total
-------------------------+-------+-------+-------+-------+-------+-------++-------
Melee: Unarmed           |   105 |   224 |   353 |   639 |  1377 |   112 ||  2810
       Headbutt          |     6 |     6 |     1 |       |       |       ||    13
       Punch             |     1 |     1 |     1 |     7 |    18 |       ||    28
       Tailslap          |       |     4 |       |       |     8 |    28 ||    40
       Bardiche          |       |       |       |       |    50 |   218 ||   268
       Halberd           |       |       |       |       |       |   709 ||   709
 Cast: Beastly Appendage |    14 |     1 |       |       |       |       ||    15
       Spider Form       |     8 |    33 |    58 |    68 |    87 |    16 ||   270
       Sticks to Snakes  |       |       |     6 |     6 |    39 |    75 ||   126
       Blade Hands       |       |       |       |     6 |    51 |     1 ||    58
       Ice Form          |       |       |       |       |     1 |       ||     1
       Spectral Weapon   |       |       |       |       |     5 |   133 ||   138
       Petrify           |       |       |       |       |       |    71 ||    71
Invok: Heroism           |       |       |       |    15 |    20 |    17 ||    52
 Abil: End Transformatio |       |       |       |     3 |    13 |     7 ||    23
  Use: Scroll            |       |     4 |    13 |     7 |    13 |    16 ||    53
       Potion            |       |     4 |     2 |     1 |     5 |     8 ||    20
 Stab: Sleeping          |     1 |     2 |     1 |     1 |     1 |       ||     6
       Distracted        |       |       |     1 |     3 |     8 |    17 ||    29
       Petrified         |       |       |       |       |       |    61 ||    61
       Petrifying        |       |       |       |       |       |    13 ||    13
  Eat: Chunk             |     4 |    10 |    18 |    20 |    62 |    16 ||   130
       Ration            |       |       |     3 |     2 |     3 |     8 ||    16
Armor: Robe              |    18 |    13 |     2 |     6 |    25 |    67 ||   131
       Skin              |     1 |    16 |    11 |    12 |    10 |     3 ||    53
Dodge: Dodged            |    72 |   230 |   240 |   668 |  1880 |  1367 ||  4457
